 Dungeon Crawl Stone Soup version 0.24-a0-250-g6074511 (webtiles) character file.

Game seed: 9883424659412466690

46 Borgoz the Cutter (level 3, -3/22 HPs)
             Began as a Kobold Gladiator on Apr 15, 2019.
             Killed from afar by a bat (25 damage)
             ... with an exploding inner flame
             ... hexed by the player character
             ... on level 2 of the Dungeon.
             The game lasted 00:02:08 (1479 turns).

Borgoz the Cutter (Kobold Gladiator)                Turns: 1479, Time: 00:02:08

Health: -3/22      AC:  4    Str: 12    XL:     3   Next: 92%
Magic:  3/3        EV: 16    Int:  9    God:
Gold:   54         SH:  0    Dex: 16    Spells: 2/2 levels left

rFire    . . .     SeeInvis .   i - -3 dagger (curse)
rCold    . . .     Gourm    .   (shield restricted)
rNeg     . . .     Faith    .   b - +0 leather armour
rPois    .         Spirit   .   c - +0 helmet
rElec    .         Reflect  .   (no cloak)
rCorr    .         Harm     .   (no gloves)
MR       .....                  (no boots)
Stlth    +.........             (no amulet)
HPRegen  0.07/turn              (no ring)
MPRegen  0.08/turn              (no ring)

@: no status effects
A: small, carnivore
a: no special abilities


You were on level 2 of the Dungeon.
You were completely stuffed.

You visited 1 branch of the dungeon, and saw 2 of its levels.

You collected 54 gold pieces.

Inventory:

Hand Weapons
 a - a +0 rapier
 i - a cursed -3 dagger (weapon)
Missiles
 d - 3 throwing nets (quivered)
Armour
 b - a +0 leather armour (worn)
 c - a +0 helmet (worn)
Potions
 e - a potion of heal wounds {unknown}
 h - a potion of curing {unknown}
Comestibles
 f - 2 rations


   Skills:
 + Level 2.9 Fighting
 + Level 4.6 Short Blades
 - Level 2.1 Throwing
 + Level 1.0 Armour
 + Level 4.1 Dodging


You had 2 spell levels left.
You didn't know any spells.
Your spell library was empty.

Dungeon Overview and Level Annotations

Branches:
Dungeon (2/15)

Altars:


Innate Abilities, Weirdness & Mutations

You are small and have problems with some larger weapons.
You are carnivorous and can eat meat at any time.


Message History

You open the door.
There is an open door here.
A bat comes into view.
A bat is nearby!
A bat is nearby!
You see here a scroll labeled POEPPA ZOIJETIS.
There are no items here.
You see here a scroll labeled POEPPA ZOIJETIS.
g - a scroll labeled POEPPA ZOIJETIS
As you read the scroll labeled POEPPA ZOIJETIS, it crumbles to dust.
The creatures around you are filled with an inner flame!
It was a scroll of immolation.
The bat barely misses you.
You hit the bat but do no damage. The bat misses you.
The bat completely misses you. The bat misses you.
You hit the bat.
The bat explodes!
The fiery explosion engulfs you!!
Ouch! That really hurt!
You die...

.......############........
..)....'..........'........
......(############........
...######## #..........
..........# #####..........
..........# #.........#####
..........# #.........#
#.........# #...§§§...#
#.........# #...@§§...#
#.........# #...§§§...#
#.........# #.........#
########### #...........
#.........#.. #............
#........#.# .........#.#


There were no monsters in sight!

Vanquished Creatures
  A dart slug (D:1)
  3 leopard geckos (D:1)
  A ball python (D:1)
  3 bats
  6 goblins (D:1)
  4 hobgoblins
  4 jackals (D:1)
  8 kobolds (D:1)
  A quokka (D:2)
  5 rats
36 creatures vanquished.

Notes
Turn   | Place    | Note
-------+----------+-------------------------------------------
     0 | D:1      | Borgoz the Kobold Gladiator began the quest for the Orb.
     0 | D:1      | Reached XP level 1. HP: 12/12 MP: 1/1
    87 | D:1      | Reached XP level 2. HP: 5/18 MP: 2/2
   535 | D:1      | Reached XP level 3. HP: 13/22 MP: 3/3
   730 | D:1      | Reached skill level 1 in Armour
  1479 | D:2      | Killed from afar by a bat

Levels and vault maps discovered:
D:1:      minmay_arrival_jagged, layout_loops_ring
D:2:      layout_basic, minmay_misc_feat_nine_boxes, grunt_decor_mini_mirrors

Skill      XL: |  1  2  3 |
---------------+----------+-----
Dodging        | 4 |  4.1
Armour         | 1 |  1.0
Fighting       | |  2.9
Short Blades   | |  4.6
Throwing       | |  2.1

Action                   || total
-------------------------++-------
Melee: Rapier            ||    98
       Dagger            ||    35
  Use: Scroll            ||     3
       Potion            ||     1
 Stab: Sleeping          ||     1
  Eat: Chunk             ||    10
Armor: Leather armour    ||    24
Dodge: Dodged            ||    98

Table legend:
 A = Non-vault XP
 B = Vault XP
 C = Vault XP percentage of total XP
 D = Non-vault monster count
 E = Vault monster count
 F = Vault count percentage of total count
                 A         B        C        D         E       F
            +---------+---------+-------+---------+---------+-------
      Total |      66 |       0 |   0.0 |      36 |       0 |   0.0
            +---------+---------+-------+---------+---------+-------
        D:1 |      60 |       0 |   0.0 |      32 |       0 |   0.0
        D:2 |       6 |       0 |   0.0 |       4 |       0 |   0.0
            +---------+---------+-------+---------+---------+-------
